 Dungeon Crawl Stone Soup version 0.22.1-1-ga44c0e56f4 (webtiles) character file.

7142 PikkenKukken the Slicer (level 11, -6/58 HPs)
             Began as a Vine Stalker Fighter on Oct 3, 2018.
             Was a Follower of Uskayaw.
             Mangled by an orc warrior
             ... wielding a +0 dire flail
              (11 damage)
             ... on level 9 of the Dungeon.
             The game lasted 00:14:56 (7419 turns).

PikkenKukken the Slicer (Vine Stalker Fighter)      Turns: 7419, Time: 00:14:56

Health: -6/58      AC: 14    Str: 23    XL:     11   Next: 10%
Magic:  0/13       EV:  9    Int:  8    God:    Uskayaw [*.....]
Gold:   326        SH: 12    Dex: 13    Spells: 10/10 levels left

rFire    . . .     SeeInvis .   a - +1 rapier
rCold    . . .     Gourm    .   c - +1 shield
rNeg     + . .     Faith    .   w - +1 chain mail {MR+}
rPois    .         Spirit   +   J - +1 hat
rElec    .         Reflect  .   (no cloak)
rCorr    +         Harm     .   k - +0 pair of gloves
MR       ++...                  H - +0 pair of boots
Stlth    ..........             (no amulet)
HPRegen  0.59/turn              B - ring of positive energy
MPRegen  0.13/turn              A - ring of resist corrosion

@: no status effects
A: fangs 3, regeneration 1, magic shield, antimagic bite, no potion heal 3, rot
immunity
a: Stomp, Renounce Religion


You were on level 9 of the Dungeon.
You worshipped Uskayaw.
Uskayaw was noncommittal.
You were hungry.

You visited 1 branch of the dungeon, and saw 9 of its levels.
You also visited: Sewer.

You collected 326 gold pieces.

Inventory:

Hand Weapons
 a - a +1 rapier (weapon)
Missiles
 q - 8 javelins (quivered)
Armour
 b - a +0 scale mail
 c - a +1 shield (worn)
 k - a +0 pair of gloves (worn)
 l - a +0 plate armour
 w - a +1 chain mail of magic resistance (worn)
 H - a +0 pair of boots (worn)
 J - a +1 hat (worn)
Jewellery
 i - an uncursed ring of stealth
 A - a ring of resist corrosion (right hand)
 B - a ring of positive energy (left hand)
Wands
 t - a wand of iceblast (6)
 y - a wand of random effects (43)
 G - a wand of flame (43)
Scrolls
 e - 3 scrolls of magic mapping
 g - a scroll of identify
 m - 5 scrolls of remove curse
 r - 7 scrolls of teleportation
 s - a scroll of enchant armour
 v - 2 scrolls of fog
 z - 3 scrolls of immolation
 E - a scroll of enchant weapon
Potions
 d - 2 potions of might
 h - 3 potions of magic
 j - 2 potions of brilliance
 n - a potion of mutation {unknown}
 o - 3 potions of curing
 p - 2 potions of invisibility
 u - a potion of degeneration {unknown}
 x - 2 potions of haste
 D - a potion of flight {unknown}
 F - a potion of cancellation {unknown}
 K - a potion of agility {unknown}
Comestibles
 f - 14 rations


   Skills:
 + Level 6.8 Fighting
 * Level 9.1 Short Blades
 + Level 6.1 Armour
 + Level 5.4 Dodging
 + Level 6.7 Shields
 + Level 2.2 Invocations


You had 10 spell levels left.
You didn't know any spells.
Your spell library contained the following spells:

 Spells                   Type           Power        Failure   Level  Hunger
 Infusion                 Chrm           #...         100%        1    ##.....
 Shroud of Golubria       Chrm/Tloc      #.........   100%        2    ###....
 Song of Slaying          Chrm           #.......     100%        2    ###....
 Regeneration             Chrm/Necr      #.........   100%        3    ####...
 Spectral Weapon          Hex/Chrm       #.......     100%        3    ####...


Dungeon Overview and Level Annotations

Branches:
Dungeon (9/15)             Temple (0/1) D:6             Orc (0/2) D:9
   Lair: D:8-11

Altars:
Ashenzari
Dithmenos
Fedhas
Gozag
Nemelex Xobeh
Ru
Sif Muna
Uskayaw
Xom
Zin
The Shining One

Shops:
D:7 *

Annotations:
D:5 2 transporters


Innate Abilities, Weirdness & Mutations

You have razor-sharp teeth.
Your natural rate of healing is unusually fast.
When hurt, damage is shared between your health and your magic reserves.
Your bite disrupts and absorbs the magic of your enemies.
Potions cannot restore your health.
You are immune to rotting.


Message History

The orc priest calls down the wrath of Beogh upon you.
Beogh smites you!
The orc warrior hits you with a dire flail.
Your chain mail prevents you from hitting the orc warrior.
Your bite misses the orc warrior.
The orc warrior is moderately wounded.
You hear the faint creaking of a portcullis nearby.
The orc warrior hits you with a dire flail!
You closely miss the orc warrior.
You bite the orc warrior, but do no damage.
The orc warrior is moderately wounded.
You hit the orc warrior.
The orc warrior is moderately wounded.
The orc warrior hits you with a dire flail!!
* * * LOW HITPOINT WARNING * * *
You hit the orc warrior but do no damage.
Your bite misses the orc warrior.
The orc warrior is moderately wounded.
The orc warrior hits you with a dire flail!
You die...

........# ..o..H.[#
.. #og# .. #oo# ###
.# ####o####o## .#
......##.#.## .#
.....Z#.###.## .#
##.....#####o####.#
##...###Z.H{o5o@.#
#<.......##o######
...#..#.###.##
####..##.#.##
....###.## ....##
### ######


You could see a hippogriff, 2 orc warriors, an orc priest, a shadow imp, an orc
and a worker ant zombie.

Vanquished Creatures
  Gastronok (D:8)
  Harold (D:8)
  Pikel (D:7)
  Prince Ribbit (D:6)
  A wyvern (D:9)
  Edmund (D:6)
  A water moccasin (D:8)
  An orc warrior (D:6)
  4 sky beasts (D:5)
  2 ice beasts
  2 phantoms
  A slave (D:7)
  3 black bears
  2 necrophages (D:7)
  3 ogres
  A centaur (D:5)
  7 big kobolds
  A bullfrog (D:7)
  A water moccasin skeleton (D:5)
  5 scorpions
  2 howler monkeys (D:6)
  2 hounds
  2 crimson imps
  6 orc wizards
  2 bullfrog zombies (D:5)
  4 orc priests
  A centaur skeleton (D:5)
  Natasha (D:2)
  11 worker ants
  2 killer bee zombies (D:6)
  A hound skeleton (D:4)
  A worker ant zombie (D:6)
  4 gnolls (D:5)
  14 adders
  3 river rats (Sewer)
  3 shadow imps
  7 oozes
  An adder skeleton (D:4)
  6 worms
  4 leopard geckos
  27 orcs
  3 ball pythons
  A bat (D:1)
  8 giant cockroaches
  8 goblins
  7 hobgoblins
  11 jackals
  4 quokkas
  3 frilled lizards (D:2)
  A jackal skeleton (D:4)
  9 kobolds
  A leopard gecko zombie (D:7)
  10 rats
210 creatures vanquished.

Vanquished Creatures (others)
  A jackal (D:7)
1 creature vanquished.

Grand Total: 211 creatures vanquished

Notes
Turn   | Place    | Note
-------+----------+-------------------------------------------
     0 | D:1      | PikkenKukken the Vine Stalker Fighter began the quest for
                  | the Orb.
     0 | D:1      | Reached XP level 1. HP: 11/11 MP: 2/2
   252 | D:1      | Reached skill level 2 in Short Blades
   256 | D:1      | Reached XP level 2. HP: 16/16 MP: 3/3
   683 | D:2      | Found a deep blue altar of Sif Muna.
   707 | D:2      | Found a shadowy altar of Dithmenos.
   729 | D:2      | Reached XP level 3. HP: 19/19 MP: 4/4
   971 | D:2      | Reached skill level 1 in Dodging
   971 | D:2      | Gained mutation: Your natural rate of healing is unusually
                  | fast. [Vine Stalker growth]
   971 | D:2      | Reached XP level 4. HP: 18/24 MP: 5/5
  1144 | D:2      | Found a hide-covered altar of Uskayaw.
  1152 | D:2      | Became a worshipper of Uskayaw the Reveler
  1167 | D:2      | Noticed Natasha
  1171 | D:2      | Reached * piety under Uskayaw
  1172 | D:2      | Killed Natasha
  1172 | D:2      | Reached skill level 3 in Short Blades
  1293 | D:2      | Reached XP level 5. HP: 26/28 MP: 6/6
  1295 | D:2      | Reached ** piety under Uskayaw
  1493 | D:3      | Found an opulent altar of Gozag.
  1648 | D:3      | Reached *** piety under Uskayaw
  2173 | D:3      | Found a sacrificial altar of Ru.
  2274 | D:4      | Found a glowing drain.
  2314 | Sewer    | Entered a sewer
  2346 | Sewer    | Reached XP level 6. HP: 32/32 MP: 7/7
  2686 | Sewer    | Reached skill level 4 in Short Blades
  2686 | Sewer    | Reached XP level 7. HP: 36/37 MP: 6/8
  3537 | D:4      | Reached skill level 5 in Short Blades
  3537 | D:4      | Gained mutation: You have razor-sharp teeth. [Vine Stalker
                  | growth]
  3537 | D:4      | Reached XP level 8. HP: 39/42 MP: 9/9
  3948 | D:5      | Entered Level 5 of the Dungeon
  3969 | D:5      | Reached **** piety under Uskayaw
  4028 | D:5      | Found a shattered altar of Ashenzari.
  4309 | D:5      | Reached skill level 6 in Short Blades
  4385 | D:5      | Reached XP level 9. HP: 42/46 MP: 10/10
  4404 | D:5      | Reached skill level 5 in Fighting
  4674 | D:5      | Found a transporter.
  4845 | D:5      | Found a transporter.
  4942 | D:6      | Reached skill level 5 in Shields
  5423 | D:6      | Found a staircase to the Ecumenical Temple.
  5482 | D:6      | Noticed Prince Ribbit
  5496 | D:6      | Killed Prince Ribbit
  5504 | D:6      | Found a blossoming altar of Fedhas.
  5544 | D:6      | Noticed Edmund
  5555 | D:6      | Killed Edmund
  5555 | D:6      | Reached skill level 7 in Short Blades
  5555 | D:6      | Reached skill level 5 in Armour
  5686 | D:6      | Found a glowing golden altar of the Shining One.
  5790 | D:6      | Found a shimmering altar of Xom.
  5918 | D:7      | Noticed Pikel
  5937 | D:7      | Killed Pikel
  5937 | D:7      | Reached XP level 10. HP: 16/53 MP: 6/11
  6023 | D:7      | Found Zin's Purification Station.
  6025 | D:7      | Found a glowing silver altar of Zin.
  6352 | D:7      | Reached skill level 8 in Short Blades
  6573 | D:8      | Noticed Harold
  6596 | D:8      | Killed Harold
  6596 | D:8      | Reached skill level 5 in Dodging
  6830 | D:8      | Found a sparkling altar of Nemelex Xobeh.
  6835 | D:8      | Noticed Gastronok
  6966 | D:8      | Killed Gastronok
  6966 | D:8      | Reached skill level 9 in Short Blades
  6966 | D:8      | Reached XP level 11. HP: 24/58 MP: 11/13
  7394 | D:9      | Found a staircase to the Orcish Mines.
  7419 | D:9      | Mangled by an orc warrior

Skill      XL: |  1  2  3  4  5  6  7  8  9 10 |
---------------+-------------------------------+-----
Short Blades   | 2 3 4 5 6 7 9 |  9.1
Fighting       | 3 4 5 6 |  6.8
Dodging        | 1 2 3 4 5 |  5.4
Shields        | 3 4 5 6 |  6.7
Armour         | 3 4 5 6 |  6.1
Invocations    | 2 |  2.2

Action                   |  1- 3 |  4- 6 |  7- 9 | 10-12 || total
-------------------------+-------+-------+-------+-------++-------
Melee: Rapier            |    78 |   208 |   441 |   188 ||   915
       Bite              |    17 |    69 |   147 |    74 ||   307
Invok: Line Pass         |       |       |     1 |       ||     1
  Use: Scroll            |     5 |     6 |     3 |     4 ||    18
       Potion            |       |       |       |     1 ||     1
 Stab: Paralysed         |       |     2 |    11 |     5 ||    18
  Eat: Chunk             |       |     6 |    12 |     4 ||    22
Armor: Scale mail        |    34 |    61 |    23 |       ||   118
       Plate armour      |       |       |    59 |       ||    59
       Chain mail        |       |       |    81 |    61 ||   142
Dodge: Dodged            |    19 |    53 |   100 |    38 ||   210
Block: Shield            |    42 |   103 |   198 |    73 ||   416
